 Dungeon Crawl Stone Soup version 0.28.0-53-g5a82cb258f (webtiles) character file.

Game seed: 9080854916932950977

39 jamesp the Conjurer (level 3, -4/26 HPs)
             Began as a Draconian Conjurer on Aug 2, 2022.
             Slain by an iguana (5 damage)
             ... on level 1 of the Dungeon.
             The game lasted 00:04:51 (1296 turns).

jamesp the Conjurer (Draconian Conjurer)            Turns: 1296, Time: 00:04:51

Health: -4/26      AC:  5    Str:  9    XL:     3   Next: 28%
Magic:  6/6        EV: 12    Int: 18    God:
Gold:   59         SH:  0    Dex: 11    Spells: 6/7 levels left

rFire   . . .      SeeInvis .   b - +0 short sword
rCold   . . .      Faith    .   (no shield)
rNeg    . . .      Spirit   .   (armour unavailable)
rPois   .          Reflect  .   (helmet restricted)
rElec   .          Harm     .   (no cloak)
rCorr   .          Rampage  .   (no gloves)
Will    .....                   (no boots)
Stlth   ++........              (no amulet)
HPRegen 0.08/turn               (no ring)
MPRegen 0.10/turn               (no ring)

@: about to teleport, slowed, very slow
A: AC +5, unfitting armour, cold-blooded
a: no special abilities


You were on level 1 of the Dungeon.
You visited 1 branch of the dungeon, and saw 2 of its levels.

You collected 73 gold pieces.
You spent 14 gold pieces at shops.

Inventory:

Hand Weapons
 b - a +0 short sword (weapon)
Missiles
 a - 45 bolts
 h - 26 stones
 i - 16 arrows
Scrolls
 d - 2 scrolls of immolation
 j - a scroll of identify {unknown}
Potions
 e - a potion of degeneration
 g - a potion of mutation {unknown}


   Skills:
 + Level 2.4 Dodging
 - Level 1.7 Stealth
 + Level 2.5 Spellcasting
 + Level 4.4 Conjurations


You had 6 spell levels left.
You knew the following spells:

 Your Spells              Type           Power      Damage    Failure   Level
a - Magic Dart            Conj           72%        1d6       2%          1

Your spell library contained the following spells:

 Spells                   Type           Power      Damage    Failure   Level
 Searing Ray              Conj           36%        2d5       4%          2
 Dazzling Flash           Conj/Hex       20%        N/A       21%         3
 Blink                    Tloc           4%         N/A       26%         2
 Fulminant Prism          Conj/Hex       5%         3d7       56%         4
 Iskenderun's Mystic Bla  Conj/Tloc      10%        2d4       56%         4
 Manifold Assault         Tloc           2%         N/A       99%         5
 Storm Form               Tmut/Air       1%         N/A       100%        7


Dungeon Overview and Level Annotations

Branches:
Dungeon (2/15)

Altars:

Shops:
D:1 !


Innate Abilities, Weirdness & Mutations

Your plain brown scales are hard. (AC +5)
You cannot fit into any form of body armour.
You are cold-blooded and may be slowed by cold attacks.


Message History

The magic dart hits the giant cockroach.
You kill the giant cockroach!
You start resting.
HP restored.
You see here a giant cockroach corpse.
You start resting.
Magic restored.
There is a stone staircase leading down here.
You climb downwards.
The hobgoblin closely misses you. The goblin misses you.
The endoplasm jiggles.
The endoplasm barely misses you. The adder bites you but does no damage.
The hobgoblin hits you. The goblin hits you with a +0 club.
The endoplasm freezes you.
You are frozen.
The adder bites you.
There is a stone staircase leading up, spattered with blood here.
The iguana bites you! The hobgoblin misses you.
The adder bites you but does no damage. The goblin misses you.
The endoplasm hits you but does no damage.
You climb upwards.
There is a stone staircase leading down here.
As you read the scroll labelled SYKHU YTTI, it crumbles to dust.
The creatures around you are filled with an inner flame!
It was a scroll of immolation.
The iguana barely misses you. The hobgoblin barely misses you.
The endoplasm freezes you.
You are frozen.
* * * LOW HITPOINT WARNING * * *
You feel yourself slow down.
As you read the scroll labelled IVEUMY HADUA, it crumbles to dust.
You hear a loud clanging noise!
It was a scroll of noise.
The iguana bites you.
* * * LOW HITPOINT WARNING * * *
The hobgoblin misses you.
The endoplasm hits you but does no damage.
The iguana closely misses you.
As you read the scroll labelled NUINO AMABLIGA, it crumbles to dust.
You feel strangely unstable.
It was a scroll of teleportation.
The hobgoblin misses you. The endoplasm closely misses you.
The iguana bites you.
You die...

...........# ##.##
####.......####...####.#
........##.............#
####.##.#######...######
#.##.# ##.## #.# .# #.#
####.# .# #g# .....# #l#
.....# #@# ######
.....SJg# #########


You could see an iguana (inner flame), an adder (inner flame), an endoplasm
(inner flame), a hobgoblin (inner flame) and a goblin (inner flame).

Vanquished Creatures
  4 endoplasms (D:1)
  3 giant cockroaches (D:1)
  3 goblins (D:1)
  5 hobgoblins (D:1)
  3 quokkas (D:1)
  2 ball pythons (D:1)
  4 bats
  2 frilled lizards (D:1)
  5 kobolds (D:1)
  5 rats (D:1)
36 creatures vanquished.

Notes
Turn   | Place    | Note
-------+----------+-------------------------------------------
     0 | D:1      | jamesp the Draconian Conjurer began the quest for the Orb.
     0 | D:1      | Reached XP level 1. HP: 14/14 MP: 3/3
   206 | D:1      | Reached XP level 2. HP: 20/20 MP: 0/5
   439 | D:1      | Found Jathidia's Distillery.
   447 | D:1      | Bought a potion of degeneration for 14 gold pieces
   806 | D:1      | Reached XP level 3. HP: 26/26 MP: 3/6
  1295 | D:1      | HP: 1/26 [iguana (3)]
  1296 | D:1      | Slain by an iguana

Illustrated notes

Levels and vault maps discovered:
D:1:      shiori_arrival_oz, layout_loops_ring, serial_shops,
          nicolae_shop_trees, minmay_misc_feat_diagonals
D:2:      layout_basic

Skill      XL: |  1 |
---------------+----+-----
Dodging        | 2 |  2.4
Stealth        | |  1.7
Spellcasting   | |  2.5
Conjurations   | |  4.4

Action                   || total
-------------------------++-------
Melee: Short sword       ||    26
       Unarmed           ||     1
       Tailslap          ||     1
 Cast: Magic Dart        ||    56
  Use: Scroll            ||     3
 Stab: Sleeping          ||     3
Armor: Skin              ||    11
Dodge: Dodged            ||    48
